[Event "3rd FIDE WCCC Blitz G10 2019"]
[Site "Minsk"]
[Date "2019.08.18"]
[Round "8.2"]
[White "Satanovskaia, Evgeniia"]
[Black "Maklakova, Naomi"]
[Result "1-0"]
[ECO "D35"]
[WhiteElo "1399"]
[BlackElo "1221"]
[Annotator "NA"]
[PlyCount "116"]
[EventDate "2019.08.18"]
[EventType "swiss"]
[EventCountry "BLR"]
[SourceTitle "playchess.com"]
[Source "ChessBase"]
[SourceQuality "1"]
[TimeControl "300+2"]

1. d4 d5 2. c4 e6 3. Nc3 Nf6 4. cxd5 Nxd5 5. e4 Nxc3 6. bxc3 c5 7. Nf3 Nc6 8. Bb5 cxd4 9. cxd4 Qa5+ 10. Bd2 Qxb5 11. Rb1 Qc4 12. Qb3 Qxb3 13. Rxb3 Be7 14. O-O O-O 15. Rc1 Rd8 16. Be3 Rb8 17. h3 h6 18. Rd1 Bd7 19. Bf4 Na5 20. Bxb8 Nxb3 21. Bg3 Na5 22. Bc7 Nc6 23. Bxd8 Nxd8 24. Rc1 Bc6 25. Re1 f6 26. Re2 Nf7 27. Ne1 Bb5 28. Rb2 Bc6 29. f3 Nd6 30. Rc2 Nb5 31. Rc4 Kf7 32. Kf2 Na3 33. Rc1 Bb4 34. Nd3 Bd2 35. Rd1 Bc3 36. Nc5 Nb5 37. d5 exd5 38. exd5 Be8 39. Nxb7 Ke7 40. d6+ Kd7 41. Nc5+ Kd8 42. Ke3 Be5 43. d7 Bf7 44. Nb7+ Kc7 45. d8=Q+ Kxb7 46. Rd7+ Kc6 47. Qc8+ Kb6 48. Qb7+ Ka5 49. Rxf7 Nd6 50. Qxa7+ Kb4 51. a3+ Kc4 52. Rc7+ Kd5 53. Qc5+ Ke6 54. f4 Nf5+ 55. Kf3 Bxc7 56. Qxc7 Nd4+ 57. Ke4 f5+ 58. Kxd4 Kf6 1-0

[Event "3rd FIDE WCCC Blitz G10 2019"]
[Site "Minsk"]
[Date "2019.08.18"]
[Round "8.3"]
[White "Fedorova, Olesya"]
[Black "Ho, Ngoc Vy"]
[Result "0-1"]
[ECO "C26"]
[WhiteElo "1524"]
[BlackElo "1327"]
[Annotator "NA"]
[PlyCount "134"]
[EventDate "2019.08.18"]
[EventType "swiss"]
[EventCountry "BLR"]
[SourceTitle "playchess.com"]
[Source "ChessBase"]
[SourceQuality "1"]
[TimeControl "300+2"]

1. e4 e5 2. Nc3 Nf6 3. f4 Nc6 4. Nf3 d6 5. Bb5 exf4 6. d4 Bd7 7. O-O Be7 8. Bxf4 O-O 9. Qd2 Re8 10. Rae1 a6 11. Bd3 Nb4 12. h3 Nxd3 13. cxd3 h6 14. e5 dxe5 15. dxe5 Nh7 16. d4 Bf5 17. Nh2 Bb4 18. Bxh6 gxh6 19. Rxf5 Qd7 20. Rf3 Re6 21. Ng4 Rf8 22. Nxh6+ Kh8 23. Nf5 Rg6 24. Qf2 Rfg8 25. Rg3 Bxc3 26. bxc3 Qe6 27. Rxg6 Rxg6 28. Rf1 Ng5 29. Qh4+ Kg8 30. Nh6+ Rxh6 31. Qxg5+ Rg6 32. Qf5 Qxa2 33. Qf3 b6 34. d5 Rg7 35. Rf2 Qb1+ 36. Kh2 Qg6 37. e6 fxe6 38. dxe6 Qxe6 39. Qf8+ Kh7 40. Rf4 Qd6 41. Kh1 Qxf8 42. Rxf8 Rg3 43. Ra8 a5 44. c4 Rc3 45. g4 Rxh3+ 46. Kg2 Rc3 47. Kf2 Rxc4 48. Kf3 a4 49. Kg3 b5 50. Kh4 Rc3 51. Kg5 a3 52. Rd8 a2 53. Rd7+ Kg8 54. Rd1 b4 55. Kg6 Rc6+ 56. Kf5 b3 57. Ra1 Ra6 58. Rd1 Rd6 59. Re1 b2 60. Re8+ Kf7 61. Rc8 Rc6 62. Ke5 b1=Q 63. g5 a1=Q+ 64. Kf4 Qa4+ 65. Ke3 Qbb3+ 66. Kd2 Qaa2+ 67. Ke1 Qbb1# 0-1

[Event "3rd FIDE WCCC Blitz G10 2019"]
[Site "Minsk"]
[Date "2019.08.18"]
[Round "8.4"]
[White "Nurgaliyeva, Zarina"]
[Black "Huynh, Phuc Minh Phuong"]
[Result "1-0"]
[ECO "C48"]
[WhiteElo "1474"]
[BlackElo "1254"]
[Annotator "NA"]
[PlyCount "57"]
[EventDate "2019.08.18"]
[EventType "swiss"]
[EventCountry "BLR"]
[SourceTitle "playchess.com"]
[Source "ChessBase"]
[SourceQuality "1"]
[TimeControl "300+2"]

1. e4 e5 2. Nf3 Nc6 3. Nc3 Nf6 4. Bb5 d6 5. d4 exd4 6. Nxd4 Bd7 7. Bxc6 Bxc6 8. Qd3 h6 9. O-O Be7 10. Nf5 Bf8 11. Re1 Qd7 12. e5 Nh7 13. exd6+ Kd8 14. dxc7+ Kxc7 15. Qg3+ Kc8 16. Qh3 Nf6 17. Be3 g6 18. Nd4 Qxh3 19. gxh3 Bd6 20. Nxc6 bxc6 21. Bd4 Rd8 22. Bxf6 Rd7 23. Re8+ Kb7 24. Rxa8 Kxa8 25. Re1 Kb7 26. Ne4 Bf8 27. Bc3 f5 28. Nf6 Rf7 29. Re6 1-0

[Event "3rd FIDE WCCC Blitz G10 2019"]
[Site "Minsk"]
[Date "2019.08.18"]
[Round "8.6"]
[White "Sidorenja, Milena"]
[Black "Loviagina, Dariana"]
[Result "1-0"]
[ECO "B21"]
[WhiteElo "1573"]
[BlackElo "1421"]
[Annotator "NA"]
[PlyCount "153"]
[EventDate "2019.08.18"]
[EventType "swiss"]
[EventCountry "BLR"]
[SourceTitle "playchess.com"]
[Source "ChessBase"]
[SourceQuality "1"]
[TimeControl "300+2"]

1. e4 c5 2. d4 cxd4 3. c3 Nf6 4. e5 Nd5 5. cxd4 Nc6 6. Nf3 d6 7. Bc4 Nb6 8. Bb3 dxe5 9. d5 Nb4 10. Nc3 e6 11. O-O N4xd5 12. Nxd5 Nxd5 13. Nxe5 Bc5 14. Ba4+ Ke7 15. Qg4 Rg8 16. Qf3 f6 17. Nd3 Bd6 18. Re1 Kf7 19. Qh5+ Kf8 20. Qxh7 Qc7 21. Qh5 Bd7 22. Bb3 Be8 23. Qh3 Bf7 24. Bd2 Re8 25. Rac1 Qb8 26. Nc5 Bxc5 27. Rxc5 Qd6 28. Rb5 b6 29. Bxd5 exd5 30. Rxe8+ Bxe8 31. Qf3 Bxb5 32. Bf4 Qe6 33. h3 Bc6 34. Qa3+ Ke8 35. Qxa7 Qd7 36. Qxb6 d4 37. Bd2 Qd5 38. Qb8+ Qd8 39. Qb4 Qd5 40. Qb8+ Kf7 41. Qc7+ Qd7 42. Qf4 Qd5 43. Qc7+ Qd7 44. Qf4 Re8 45. b3 Qd5 46. Qc7+ Re7 47. Qg3 Qe4 48. Kh2 Qc2 49. Bb4 Re5 50. Bd6 Re6 51. Bb4 Bd7 52. Qf3 Qxa2 53. Qg3 Qa6 54. Qc7 Qc6 55. Qg3 Qb7 56. Bd2 Qxb3 57. Qxb3 Ke7 58. Bb4+ Kf7 59. f3 Ke8 60. Qd5 d3 61. Qxd3 g5 62. Qg6+ Kd8 63. Qg8+ Kc7 64. Qg6 Be8 65. Qc2+ Kd7 66. Qd3+ Kc7 67. Qc4+ Rc6 68. Qd5 Bd7 69. Ba5+ Kc8 70. Qg8+ Kb7 71. Qd8 Bc8 72. Qd5 Be6 73. Qb5+ Ka7 74. Qxc6 Kb8 75. Qc7+ Ka8 76. Bb6 Bd5 77. Qa7# 1-0

[Event "3rd FIDE WCCC Blitz G10 2019"]
[Site "Minsk"]
[Date "2019.08.18"]
[Round "9.1"]
[White "Khamdamova, Afruza"]
[Black "Ho, Ngoc Vy"]
[Result "0-1"]
[ECO "C77"]
[WhiteElo "1607"]
[BlackElo "1327"]
[Annotator "NA"]
[PlyCount "84"]
[EventDate "2019.08.18"]
[EventType "swiss"]
[EventCountry "BLR"]
[SourceTitle "playchess.com"]
[Source "ChessBase"]
[SourceQuality "1"]
[TimeControl "300+2"]

1. e4 e5 2. Nf3 Nc6 3. Bb5 a6 4. Ba4 Nf6 5. d3 b5 6. Bb3 Be7 7. O-O O-O 8. c3 d6 9. h3 Re8 10. Nbd2 Bf8 11. Re1 g6 12. d4 Bg7 13. Ng5 Rf8 14. a4 Bb7 15. Bxf7+ Rxf7 16. Qb3 Qe7 17. axb5 axb5 18. Rxa8+ Bxa8 19. Nxf7 Qxf7 20. Qxb5 exd4 21. cxd4 Nd7 22. d5 Nce5 23. Nf1 c6 24. Qa6 Qf8 25. f4 Nc5 26. Qa7 Ned3 27. Rd1 cxd5 28. Be3 d4 29. Bd2 Bxe4 30. b4 Ne6 31. Ng3 Bd5 32. Rf1 Bc4 33. Ne2 Nb2 34. Re1 d3 35. Qa3 dxe2 36. Be3 h6 37. b5 Bxb5 38. Qb3 Bc4 39. Qb4 Nxf4 40. Bxf4 Qxf4 41. Qb8+ Kh7 42. Qb4 Nd3 0-1

[Event "3rd FIDE WCCC Blitz G10 2019"]
[Site "Minsk"]
[Date "2019.08.18"]
[Round "9.2"]
[White "Satanovskaia, Evgeniia"]
[Black "Nurgaliyeva, Zarina"]
[Result "1-0"]
[ECO "E46"]
[WhiteElo "1399"]
[BlackElo "1474"]
[Annotator "NA"]
[PlyCount "57"]
[EventDate "2019.08.18"]
[EventType "swiss"]
[EventCountry "BLR"]
[SourceTitle "playchess.com"]
[Source "ChessBase"]
[SourceQuality "1"]
[TimeControl "300+2"]

1. d4 Nf6 2. c4 e6 3. Nc3 Bb4 4. e3 O-O 5. Nge2 c6 6. a3 Ba5 7. b4 Bc7 8. e4 d5 9. exd5 exd5 10. c5 Re8 11. Be3 Ng4 12. Qd2 Nxe3 13. fxe3 Qh4+ 14. g3 Qe7 15. O-O-O a5 16. b5 b6 17. bxc6 Nxc6 18. Nxd5 Qd8 19. Nxc7 Qxc7 20. Qc3 bxc5 21. dxc5 Bf5 22. Nd4 Nxd4 23. exd4 Rab8 24. Bd3 Re3 25. Rhe1 Rb1+ 26. Kxb1 Qb7+ 27. Qb2 Bxd3+ 28. Kc1 Rxe1 29. Qxb7 1-0

[Event "3rd FIDE WCCC Blitz G10 2019"]
[Site "Minsk"]
[Date "2019.08.18"]
[Round "9.3"]
[White "Mai, Hieu Linh"]
[Black "Shukhman, Anna"]
[Result "1/2-1/2"]
[ECO "B24"]
[WhiteElo "1344"]
[BlackElo "1806"]
[Annotator "NA"]
[PlyCount "104"]
[EventDate "2019.08.18"]
[EventType "swiss"]
[EventCountry "BLR"]
[SourceTitle "playchess.com"]
[Source "ChessBase"]
[SourceQuality "1"]
[TimeControl "300+2"]

1. e4 c5 2. Nc3 Nc6 3. g3 g6 4. Bg2 Bg7 5. d3 e5 6. Be3 d6 7. Qd2 Nge7 8. Bh6 Bf6 9. Nf3 a6 10. Bg5 Bg7 11. Bh6 Bf6 12. Bg5 Bxg5 13. Qxg5 Ng8 14. Nd5 h6 15. Qxd8+ Kxd8 16. Nd2 Nge7 17. Nc4 Nxd5 18. exd5 Nd4 19. Nxd6 Ke7 20. Nxc8+ Raxc8 21. Kd2 Kd6 22. g4 Nb5 23. a4 Nc7 24. c4 Ne8 25. Rhf1 g5 26. h3 Nf6 27. Rab1 a5 28. Rfe1 Rce8 29. Be4 Nd7 30. Re2 f6 31. Rbe1 Nb8 32. Bg6 Re7 33. Bf5 Na6 34. Kc3 Nc7 35. b3 b6 36. Be4 Ne8 37. Re3 Ng7 38. Rf3 Rf8 39. Bf5 Rc7 40. Rh1 Nxf5 41. Rxf5 h5 42. gxh5 Rh7 43. Rf3 Rxh5 44. Rg1 Rf7 45. Rg4 f5 46. Rg1 f4 47. Kd2 Rg7 48. Rg4 Rh8 49. Rg1 Rh4 50. Ke2 Rg8 51. Kd2 Rg7 52. Ke2 Rg8 1/2-1/2

[Event "3rd FIDE WCCC Blitz G10 2019"]
[Site "Minsk"]
[Date "2019.08.18"]
[Round "9.4"]
[White "Mutina, Sofia"]
[Black "Sidorenja, Milena"]
[Result "0-1"]
[ECO "A01"]
[WhiteElo "1421"]
[BlackElo "1573"]
[Annotator "NA"]
[PlyCount "170"]
[EventDate "2019.08.18"]
[EventType "swiss"]
[EventCountry "BLR"]
[SourceTitle "playchess.com"]
[Source "ChessBase"]
[SourceQuality "1"]
[TimeControl "300+2"]

1. b3 d5 2. e3 c6 3. Bb2 e6 4. Nf3 f5 5. d4 Nf6 6. Bd3 Bd6 7. O-O O-O 8. c4 Nbd7 9. Nbd2 Ne4 10. Qc2 Rf6 11. Rfe1 Rg6 12. Nf1 Qf6 13. c5 Bc7 14. Qe2 e5 15. Bxe4 fxe4 16. Nxe5 Nxe5 17. dxe5 Bxe5 18. Bxe5 Qxe5 19. Ng3 Bg4 20. Qd2 Rf8 21. Qd4 Qg5 22. Qd2 h5 23. Rec1 Rgf6 24. Qe1 h4 25. Ne2 Bh3 26. g3 hxg3 27. Nxg3 Rxf2 28. Qxf2 Rxf2 29. Kxf2 Qf6+ 30. Ke2 Qf3+ 31. Kd2 Qf2+ 32. Ne2 Bg4 33. Re1 Qxh2 34. Rac1 Qf2 35. a3 d4 36. exd4 e3+ 37. Kd3 Bf5+ 38. Kc3 Bg4 39. Kd3 Qf5+ 40. Kc3 Qe4 41. Ng3 Qf3 42. Ne2 Bf5 43. Rcd1 Qe4 44. Rc1 Qd3+ 45. Kb2 Bg4 46. Nc3 Qxd4 47. Rc2 Bf5 48. Rce2 Bg4 49. Rxe3 Qd2+ 50. Ka1 Bf5 51. Re8+ Kf7 52. R8e3 Qc2 53. Re7+ Kf8 54. R7e3 Qxb3 55. Na2 Qc4 56. Rc1 Qd4+ 57. Rec3 Be6 58. Kb2 a5 59. R1c2 a4 60. Rc1 Qd5 61. Rc4 Qxc4 62. Rxc4 Bxc4 63. Nc3 g5 64. Ne4 g4 65. Kc3 Be6 66. Kb4 Kf7 67. Kxa4 Kg6 68. Ka5 Kf5 69. Ng3+ Kf4 70. Nh5+ Kf3 71. Kb6 Bf7 72. Kxb7 Bxh5 73. a4 Bg6 74. a5 Bd3 75. Kxc6 g3 76. Kb6 Be4 77. a6 g2 78. c6 g1=Q+ 79. Kb7 Bxc6+ 80. Kxc6 Qa7 81. Kb5 Ke4 82. Ka5 Kd5 83. Kb5 Qb8+ 84. Ka5 Kc5 85. Ka4 Qb4# 0-1

[Event "3rd FIDE WCCC Blitz G10 2019"]
[Site "Minsk"]
[Date "2019.08.18"]
[Round "9.5"]
[White "Moskalets, Sofiia"]
[Black "Tabermakova, Leila"]
[Result "0-1"]
[ECO "B20"]
[WhiteElo "1291"]
[BlackElo "1136"]
[Annotator "NA"]
[PlyCount "124"]
[EventDate "2019.08.18"]
[EventType "swiss"]
[EventCountry "BLR"]
[SourceTitle "playchess.com"]
[Source "ChessBase"]
[SourceQuality "1"]
[TimeControl "300+2"]

1. e4 c5 2. a3 g6 3. b4 Bg7 4. c3 cxb4 5. axb4 Nc6 6. b5 Na5 7. Bb2 d6 8. Nf3 Be6 9. Na3 Nf6 10. Bd3 Nb3 11. Rb1 Nc5 12. Qe2 Nxd3+ 13. Qxd3 O-O 14. O-O Rc8 15. Nd4 Bd7 16. f3 e5 17. Ne2 Qb6+ 18. Kh1 Be6 19. Rfc1 Nd7 20. Ng3 Nc5 21. Qe2 Nb3 22. Re1 Rfd8 23. Rbd1 d5 24. exd5 Bxd5 25. Ne4 Nc5 26. Nxc5 Qxc5 27. d4 exd4 28. cxd4 Qb4 29. Rb1 Qd6 30. Qf2 Be6 31. Nc2 Bf5 32. Rbc1 Bxc2 33. Rxc2 Rxc2 34. Qxc2 Qb4 35. Bc3 Qxb5 36. Qf2 Qc4 37. Ba1 b5 38. Qh4 Rd7 39. Re8+ Bf8 40. g3 Qc1+ 41. Kg2 Qxa1 42. Qh6 Qa3 43. Ra8 Qe7 44. Qd2 Rd8 45. Rxd8 Qxd8 46. Qd3 Qd7 47. d5 a5 48. f4 b4 49. Qb3 a4 50. Qa2 b3 51. Qd2 a3 52. f5 b2 53. Qc2 Qxd5+ 54. Kg1 Qxf5 55. Qxf5 gxf5 56. Kg2 b1=Q 57. Kf2 a2 58. Kg2 a1=Q 59. Kf2 Qc3 60. Kg2 Qbb2+ 61. Kh3 Qg7 62. g4 Qxg4# 0-1

[Event "3rd FIDE WCCC Blitz G10 2019"]
[Site "Minsk"]
[Date "2019.08.18"]
[Round "9.6"]
[White "Kuzmina, Varvara"]
[Black "Fedorova, Olesya"]
[Result "1/2-1/2"]
[ECO "E65"]
[WhiteElo "1262"]
[BlackElo "1524"]
[Annotator "NA"]
[PlyCount "86"]
[EventDate "2019.08.18"]
[EventType "swiss"]
[EventCountry "BLR"]
[SourceTitle "playchess.com"]
[Source "ChessBase"]
[SourceQuality "1"]
[TimeControl "300+2"]

1. Nf3 Nf6 2. g3 g6 3. Bg2 Bg7 4. O-O O-O 5. d4 d6 6. c4 c5 7. Nc3 Nc6 8. e3 Bg4 9. dxc5 dxc5 10. h3 Bxf3 11. Qxf3 Rb8 12. Rd1 Qb6 13. Qe2 Rbd8 14. Qc2 Ne5 15. b3 Rxd1+ 16. Nxd1 Rd8 17. Bb2 Nd3 18. Nc3 Nxb2 19. Qxb2 Rd3 20. Qc2 Qd8 21. Rd1 Rxd1+ 22. Qxd1 Qxd1+ 23. Nxd1 b6 24. Nc3 e6 25. Nb5 a5 26. Nc7 Nd7 27. Na8 Bf6 28. Nc7 Ne5 29. f4 Nd3 30. a3 Nc1 31. Kf2 Nxb3 32. Ke2 a4 33. Bc6 Na5 34. Bb5 Bd8 35. Ne8 Kf8 36. Kd3 Ke7 37. Bxa4 h5 38. Bb5 Nb7 39. a4 Na5 40. e4 Nb3 41. e5 Nd4 42. Nd6 Nxb5 43. Nxb5 f6 1/2-1/2